 Dungeon Crawl Stone Soup version 0.29.0-7-g18a832c13a (webtiles) character file.

Game seed: 15593490343531847141

2460 SnakkuSnakku7 the Thaumaturge (level 9, -6/54 HPs)
             Began as a Djinni Chaos Knight on Aug 30, 2022.
             Was a Plaything of Xom.
             Shot with a sling bullet by Joseph (17 damage)
             ... on level 8 of the Dungeon.
             The game lasted 00:08:38 (6341 turns).

SnakkuSnakku7 the Thaumaturge (Djinni Chaos Knight) Turns: 6341, Time: 00:08:39

Health: -6/54      AC:  8    Str: 11    XL:     9   Next: 79%
Gold:   350        EV: 11    Int: 17    God:    Xom [...*..] SH:  0 Dex: 16

rFire   + + .      SeeInvis .   a - +9 quarterstaff "Yseyxef" {vorpal, rC+ Dex+4}
rCold   . . .      Faith    .   (shield currently unavailable)
rNeg    . . .      Spirit   .   D - +0 swamp dragon scales
rPois   ∞          Reflect  .   (no helmet)
rElec   .          Harm     .   (no cloak)
rCorr   .          Rampage  .   v - +0 pair of gloves
Will    +....                   (boots unavailable)
Stlth   +.........              (no amulet)
HPRegen 0.18/turn               y - ring of willpower
MPRegen 0.00/turn               (no ring)

@: flying, studying Invocations
A: sickness immunity, fire resistance 2, cold vulnerability 1, float, innate
caster, HP casting, extra vitality 1, dopey 1, frail 1, wild magic 1
a: Renounce Religion


You were on level 8 of the Dungeon.
You worshipped Xom.
You were a favourite toy of Xom.
You visited 1 branch of the dungeon, and saw 8 of its levels.

You collected 350 gold pieces.

Inventory:

Hand Weapons
 a - the +9 quarterstaff "Yseyxef" (weapon) {vorpal, rC+ Dex+4}
   (You found it on level 5 of the Dungeon)

   It inflicts extra damage upon your enemies.
   Dex:       It affects your dexterity (+4).
   rC:        It protects you from cold.
 t - a +1 long sword of electrocution
 A - a +0 falchion of chaos
Armour
 b - a +2 leather armour
 k - a +0 buckler
 v - a +0 pair of gloves (worn)
 D - +0 swamp dragon scales (worn)
Jewellery
 l - a +6 ring of dexterity
 y - a ring of willpower (left hand)
 E - a +4 ring of protection
Wands
 g - a wand of digging (8)
 w - a wand of mindburst (13)
 x - a wand of polymorph (19)
Scrolls
 d - a scroll of teleportation
 h - 5 scrolls of fog
 i - a scroll of enchant weapon {unknown}
 j - a scroll of vulnerability
 m - 3 scrolls of poison
 s - a scroll of magic mapping {unknown}
 u - a scroll of brand weapon {unknown}
 B - a scroll of immolation
 F - a scroll of amnesia {unknown}
Potions
 e - 3 potions of curing
 f - a potion of might
 n - 3 potions of heal wounds
 o - a potion of lignification
 p - 2 potions of haste
 q - 2 potions of cancellation
 r - a potion of invisibility {unknown}
 z - a potion of resistance
 C - a potion of ambrosia
Miscellaneous
 c - a piece from Xom's chessboard (15/15)


   Skills:
 + Level 3.1 Fighting
 - Level 2.6 Long Blades
 - Level 1.0 Armour
 - Level 2.1 Dodging
 - Level 9.6 Spellcasting


You had 17 spell levels left.
You knew the following spells:

 Your Spells              Type           Power      Damage    Failure   Level
a - Shock                 Conj/Air       100%       1d9       1%          1
b - Poisonous Vapours     Pois/Air       100%       N/A       1%          2
c - Confusing Touch       Hex            52%        N/A       2%          3
d - Animate Dead          Necr           52%        N/A       7%          4
Your spell library was empty.

Dungeon Overview and Level Annotations

Branches:
Dungeon (8/15)             Temple (0/1) D:7
   Lair: D:8-11

Altars:
Dithmenos
Fedhas
Hepliaklqana
Xom

Annotations:
D:7 1 runed translucent door, svrs's ghost, novice MiBe
D:8 Joseph


Innate Abilities, Weirdness & Mutations

You are immune to sickness and miasma.
You are immune to poison.
Your flesh is very heat resistant. (rF++)
You are vulnerable to cold. (rC-)
You float through the air rather than walking.
You learn spells naturally, not from books.
Your magical power is your life essence.
You have superior vitality. (+4 MHP)
You are dopey. (Int -2)
You are frail. (-10% HP)
Your spells are a little harder to cast, but a little more powerful.


Message History

Level annotation: 1 runed translucent door, svrs's ghost, novice MiBe Reactivating autopickup.
There is a stone staircase leading down here.
You start waiting.
Done waiting.
You fly downwards.
There is a stone staircase leading up here.
Found a stone staircase leading down.
Okay, then.
There is a stone staircase leading down here.
You now have 350 gold pieces (gained 12).
Joseph, a Mercenary comes into view.
He is wielding a +4 quarterstaff.
Joseph shouts!
Aiming: Poisonous Vapours (safe; 1% risk of failure)
Press: ? - help, Q - select action, (/) - cycle Dir - move target, f - Joseph
Aim: Joseph, wielding a +4 quarterstaff and wearing a +0 leather armour Poisonous vapours surround Joseph!
Joseph is poisoned.
Joseph unwields a +4 quarterstaff.
Joseph wields a +2 sling of flaming.
It bursts into flame!
Joseph shoots a sling bullet.
The sling bullet hits you! The sling bullet burns you.
Aiming: Poisonous Vapours (safe; 1% risk of failure)
Press: ? - help, Q - select action, (/) - cycle Dir - move target, f/p - Joseph
Aim: Joseph, wielding a +2 sling of flaming and wearing a +0 leather armour (lightly wounded, very poisoned) Poisonous vapours surround Joseph!
Joseph looks as sick as possible!
Joseph tries to grin evilly.
Joseph shoots a sling bullet.
The sling bullet hits you! The sling bullet burns you.
Aiming: Poisonous Vapours (safe; 1% risk of failure)
Press: ? - help, Q - select action, (/) - cycle Dir - move target, f/p - Joseph
Aim: Joseph, wielding a +2 sling of flaming and wearing a +0 leather armour (lightly wounded, extremely poisoned) Poisonous vapours surround Joseph!
Joseph looks as sick as possible!
Joseph shoots a sling bullet.
The sling bullet misses you.
Unknown command.
Joseph shoots a sling bullet.
The sling bullet hits you!
* * * LOW HITPOINT WARNING * * *
The sling bullet burns you.
* * * LOW HITPOINT WARNING * * *
Joseph shoots a sling bullet.
The sling bullet hits you!
You die...
Xom cackles wildly!

#.#####.#.#######.
####.####....#
#......#o..{.#
#.##.#.#..o..#
#.##.#.#o.o..#
#.##.#.##...##
##>##.#.######
.####...#.#.#############.#
#.....#...#.....@..........
.####...###.@####.#.#####^
######.####..###.###.##
...............@## ##.#####
#............###.###...@..#
#....######### ##.#.#####@#
#.#.# ##.## #.# # #. ###
#.# # #@#


You could see Joseph (very poisoned).

Vanquished Creatures
  A kobold demonologist (D:6)
  3 water moccasins
  3 sky beasts
  An orc warrior (D:6)
  A phantom (D:6)
  A necrophage (D:5)
  6 scorpions
  3 wights (D:7)
  A killer bee (D:6)
  2 jellies (D:6)
  3 orc priests
  4 iguanas
  A statue (D:7)
  9 adders
  3 shadow imps
  2 white imps (D:6)
  3 ufetubi
  4 dart slugs
  9 orcs
  6 bats
  5 endoplasms
  4 giant cockroaches
  4 goblins
  2 hobgoblins
  3 jackals (D:1)
  5 kobolds
  2 quokkas
  A ball python (D:1)
  8 rats
100 creatures vanquished.

Vanquished Creatures (collateral kills)
  An orc warrior (D:4)
  4 wights (D:7)
  A hound (D:5)
  An orc (D:5)
  A hobgoblin (D:1)
8 creatures vanquished.

Grand Total: 108 creatures vanquished

Notes
Turn   | Place    | Note
-------+----------+-------------------------------------------
     0 | D:1      | SnakkuSnakku7 the Djinni Chaos Knight began the quest for
                  | the Orb.
     0 | D:1      | Reached XP level 1. HP: 20/20 MP: 0/0
   139 | D:1      | XOM: butterfly on damage
   139 | D:1      | XOM: smoke on damage
   269 | D:1      | XOM: potion effect (heal wounds)
   272 | D:1      | Reached skill level 1 in Spellcasting
   272 | D:1      | Reached XP level 2. HP: 25/25 MP: 0/0
   793 | D:1      | Reached XP level 3. HP: 27/30 MP: 0/0
   793 | D:1      | Learned a level 1 spell: Shock
   816 | D:1      | XOM: silly message
   951 | D:2      | Reached skill level 2 in Spellcasting
  1122 | D:2      | Reached XP level 4. HP: 35/35 MP: 0/0
  1654 | D:3      | XOM: give mutation
  1654 | D:3      | Gained mutation: You are dopey. (Int -2) [Xom's mischief]
  1683 | D:3      | Reached skill level 3 in Spellcasting
  1786 | D:3      | Found a faded altar of an unknown god.
  1889 | D:3      | XOM: give mutations
  1889 | D:3      | Gained mutation: Your spells are a little harder to cast,
                  | but a little more powerful. [Xom's mischief]
  1889 | D:3      | Gained mutation: You are frail. (-10% HP) [Xom's mischief]
  1889 | D:3      | Gained mutation: You are very dopey. (Int -4) [Xom's
                  | mischief]
  1889 | D:3      | Lost mutation: You are very dopey. (Int -4) [Xom's
                  | mischief]
  2060 | D:4      | Noticed an orc warrior
  2080 | D:4      | XOM: summons 4 friendly demons
  2092 | D:4      | Reached XP level 5. HP: 10/36 MP: 0/0
  2092 | D:4      | Learned a level 2 spell: Poisonous Vapours
  2093 | D:4      | Killed an orc warrior
  2094 | D:4      | Reached skill level 4 in Spellcasting
  2094 | D:4      | Reached XP level 6. HP: 15/41 MP: 0/0
  2361 | D:4      | Found a blossoming altar of Fedhas.
  2366 | D:4      | Found a shadowy altar of Dithmenos.
  2373 | D:4      | XOM: blink monster(s)
  2401 | D:4      | XOM: silly message
  2633 | D:5      | Entered Level 5 of the Dungeon
  2636 | D:5      | XOM: summons friendly ufetubus
  2695 | D:5      | Reached XP level 7. HP: 38/45 MP: 0/0
  2695 | D:5      | Learned a level 3 spell: Confusing Touch
  2745 | D:5      | Reached skill level 5 in Spellcasting
  2819 | D:5      | XOM: god gift: scroll labelled RUEJEP PIPISISH {god gift}
  2901 | D:5      | XOM: potion effect (brilliance)
  2926 | D:5      | Identified the +9 quarterstaff "Yseyxef" {vorpal, rC+
                  | Dex+4}
  3094 | D:5      | XOM: 4-stop teleportation journey
  3248 | D:5      | XOM: noise
  3421 | D:6      | XOM: stealth player
  3448 | D:6      | Reached skill level 6 in Spellcasting
  3488 | D:6      | Reached XP level 8. HP: 45/50 MP: 0/0
  3579 | D:6      | Noticed a kobold demonologist
  3583 | D:6      | XOM: potion effect (heal wounds)
  3590 | D:6      | Killed a kobold demonologist
  3591 | D:6      | Reached skill level 7 in Spellcasting
  3685 | D:6      | XOM: cloud trail
  3698 | D:6      | XOM: silly message
  4133 | D:6      | Reached XP level 9. HP: 22/54 MP: 0/0
  4133 | D:6      | Learned a level 4 spell: Animate Dead
  4463 | D:6      | Reached skill level 8 in Spellcasting
  4684 | D:6      | XOM: 3-stop teleportation journey
  4692 | D:6      | Noticed Maggie
  4694 | D:6      | Noticed Maggie
  4694 | D:6      | Maggie changed into Maggie the water moccasin
  4698 | D:6      | Killed Maggie the water moccasin
  4794 | D:6      | Found a hazy altar of Hepliaklqana.
  4796 | D:6      | XOM: fog
  5122 | D:6      | XOM: divination: detect creatures
  5416 | D:7      | XOM: scenery: summon butterflies
  5472 | D:7      | Reached skill level 9 in Spellcasting
  5493 | D:7      | XOM: cast spell 'Summon Dragon'
  5530 | D:7      | XOM: god gift: staff of fire
  5670 | D:7      | Found a runed translucent door.
  5673 | D:7      | Noticed a two-headed ogre
  5673 | D:7      | Noticed svrs's ghost (novice MiBe)
  5723 | D:7      | XOM: scenery: summon butterflies
  5813 | D:7      | Found a staircase to the Ecumenical Temple.
  6069 | D:7      | XOM: scenery: create altars
  6166 | D:8      | XOM: summons 3 hostile shadow creatures
  6318 | D:8      | Noticed Joseph
  6341 | D:8      | Shot with a sling bullet by Joseph

Illustrated notes

Levels and vault maps discovered:
D:1:      dpeg_arrival_connections, layout_loops_corners
D:2:      layout_rooms
D:3:      layout_basic, shapermc_ecumenical_altar_mp_highgroup,
          chequers_serial_rivers_large_a
D:4:      layout_rooms, mainiacjoe_overflow_large_starburst
D:5:      layout_layer_cave, eino_tiny_chamber
D:6:      layout_basic, general_overflow_altar, minmay_manual_macuahuitl,
          uniq_maggie
D:7:      layout_cave_pools, vehumet_statue, minmay_temple_entry_glassed_door,
          ebering_ghost_inner_flame, serial_bayou_pond_d, nicolae_titane
D:8:      layout_loops_ring, gammafunk_temple_overflow_wave, uniq_joseph

Skill      XL: |  1  2  3  4  5  6  7  8  9 |
---------------+----------------------------+-----
Spellcasting   | 1 2 3 4 6 7 9 |  9.6
Fighting       | |  3.1
Long Blades    | |  2.6
Armour         | |  1.0
Dodging        | |  2.1

Action                   |  1- 3 |  4- 6 |  7- 9 || total
-------------------------+-------+-------+-------++-------
Melee: Falchion          |    91 |    49 |       ||   140
       Long sword        |       |    23 |    23 ||    46
       Quarterstaff      |       |       |   106 ||   106
 Cast: Shock             |       |     4 |       ||     4
       Poisonous Vapours |       |     6 |    28 ||    34
Evoke: Wand              |       |       |     2 ||     2
  Use: Potion            |       |     1 |     1 ||     2
       Scroll            |       |       |    17 ||    17
 Stab: Paralysed         |     2 |       |       ||     2
Armor: Leather armour    |    45 |    18 |    34 ||    97
       Swamp dragon scal |       |       |    19 ||    19
Dodge: Dodged            |    57 |    44 |    88 ||   189
Block: Buckler           |     7 |    10 |     4 ||    21
